 Dungeon Crawl Stone Soup version 0.29-a0-565-g7a16c6de65 (webtiles) character file.

Game seed: 12091572080139351757

13 KristoblXynda the Sneak (level 2, -9/26 HPs)
             Began as a Draconian Delver on June 12, 2022.
             Killed by divine providence
             ... invoked by an orc priest
              (11 damage)
             ... on level 5 of the Dungeon.
             The game lasted 00:00:59 (241 turns).

KristoblXynda the Sneak (Draconian Delver)           Turns: 241, Time: 00:01:00

Health: -9/26      AC:  4    Str: 14    XL:     2   Next: 24%
Magic:  2/2        EV: 12    Int: 10    God:
Gold:   33         SH:  0    Dex: 12    Spells: 1/1 levels left

rFire   . . .      SeeInvis .     - Unarmed
rCold   . . .      Faith    .   (no shield)
rNeg    . . .      Spirit   .   (body armour unavailable)
rPois   .          Reflect  .   (helmet restricted)
rElec   .          Harm     .   (no cloak)
rCorr   .          Rampage  .   (no gloves)
Will    .....                   (no boots)
Stlth   +++.......              (no amulet)
HPRegen 0.08/turn               (no ring)
MPRegen 0.08/turn               (no ring)

@: weak-willed
A: AC +4, unfitting armour, cold-blooded
a: no special abilities


You were on level 5 of the Dungeon.
You visited 1 branch of the dungeon, and saw 1 of its levels.

You collected 33 gold pieces.

Inventory:

Wands
 e - a wand of digging (3)
Scrolls
 a - a scroll of fog
 b - a scroll of magic mapping


   Skills:
 + Level 3.6 Fighting
 + Level 2.1 Dodging
 - Level 4.5 Stealth
 + Level 2.3 Unarmed Combat


You had one spell level left.
You didn't know any spells.
Your spell library was empty.

Dungeon Overview and Level Annotations

Branches:
Dungeon (5/15)
 Temple: D:4-7

Altars:
Gozag


Innate Abilities, Weirdness & Mutations

Your plain brown scales are hard. (AC +4)
You cannot fit into any form of body armour.
You are cold-blooded and may be slowed by cold attacks.


Message History

The orc priest invokes the aid of Beogh against you.
You barely resist.
The orc priest miscasts a cantrip.
The orc priest calls down the wrath of Beogh upon you.
Pain shoots through your body!
Found 18 gold pieces. 3 yaks come into view.
Found a scroll labelled COAMUR REYGAG.
The yak bellows! x2; You hear a bellow! x2
A yak comes into view. 2 yaks come into view.
You see here 18 gold pieces.
You now have 33 gold pieces (gained 18).
A yak comes into view.
The orc priest mumbles some strange prayers to Beogh against you.
Pain shoots through your body!
Unknown command.
As you read the scroll of fear, it crumbles to dust.
You assume a fearsome visage.
The orc priest resists with some effort.
The yak looks frightened! x6
Unknown command.
A yak comes into view.
The orc priest casts a cantrip, but nothing happens.
The orc priest calls down the wrath of Beogh upon you.
Beogh smites you!
* * * LOW HITPOINT WARNING * * *
You see here a scroll labelled COAMUR REYGAG.
c - a scroll labelled COAMUR REYGAG The orc priest invokes the aid of Beogh against you.
You barely resist.
The orc priest casts a cantrip, but nothing happens.
Okay, then.
As you read the scroll labelled COAMUR REYGAG, it crumbles to dust.
Magic quickly surges around you.
It was a scroll of vulnerability.
Unknown command.
An orc priest is nearby!
The orc priest calls down the wrath of Beogh upon you.
Beogh smites you!
You die...

##...##..#####.##.######.#
...##....###.....o.........#..
........o.#
#######.##.##....#.
....###.#.# #....##...... ...
#..#.### ###.[#####..... ..
...##..o### #....# #..... .
.### ###...###....# #..... ..
###...#....# #..... .
#.@.#..>.# #...## #...#....#
#...# #...#....# ##.##
#...#....# #...# #####....#
#...# #>...# #8_8# ######
#####


You could see an orc priest (weak-willed).

Vanquished Creatures
  An adder (D:5)
  2 orcs (D:5)
3 creatures vanquished.

Notes
Turn   | Place    | Note
-------+----------+-------------------------------------------
     0 | D:5      | KristoblXynda the Draconian Delver began the quest for the
                  | Orb.
     0 | D:5      | Reached XP level 1. HP: 19/19 MP: 1/1
    16 | D:5      | Found an opulent altar of Gozag.
    77 | D:5      | Reached XP level 2. HP: 26/26 MP: 2/2
   217 | D:5      | Noticed a yak
   217 | D:5      | Noticed a yak
   217 | D:5      | Noticed a yak
   217 | D:5      | Noticed a yak
   219 | D:5      | Noticed a yak
   219 | D:5      | Noticed a yak
   220 | D:5      | Noticed a yak
   225 | D:5      | Noticed a yak
   230 | D:5      | HP: 1/26 [orc priest/divine providence (12)]
   241 | D:5      | Killed from afar by an orc priest

Illustrated notes

Levels and vault maps discovered:
D:5:      layout_rooms, grunt_gozag_breadcrumbs, kennysheep_vampire_church,
          nemelex_xobeh_ov_fountains_minmay, grunt_ministairs_15,
          corexii_hall_statues_t, lightli_minifort

Skill      XL: |  1 |
---------------+----+-----
Dodging        | 2 |  2.1
Fighting       | |  3.6
Stealth        | |  4.5
Unarmed Combat | |  2.3

Action                   || total
-------------------------++-------
Melee: Unarmed           ||    19
       Tailslap          ||     2
  Use: Potion            ||     1
       Scroll            ||     2
Armor: Skin              ||     3
Dodge: Dodged            ||     8

Table legend: (Time is in decaauts)
 A = Elapsed time spent in this place.
 B = Non-inter-level travel time spent in this place.
 C = Inter-level travel time spent in this place.
 D = Time resting spent in this place.
 E = Time spent auto-exploring this place.
 F = Levels seen in this place.
 G = Mean time per level.
                   A        B        C        D        E       F      G
               +--------+--------+--------+--------+--------+-----+--------+
         Total |    224 |    224 |      0 |     95 |      0 |   1 |  224.0 |
       Dungeon |    224 |    224 |      0 |     95 |      0 |   1 |  224.0 |
               +--------+--------+--------+--------+--------+-----+--------+

Top non-repeatable levels by time:
     D:5: 224 daAuts
